 Dungeon Crawl Stone Soup version 0.30.1-3-gfc49f6343a (webtiles) character file.

Game seed: 8932394949680064622

19 javelincjr the Trooper (level 2, 0/24 HPs)
             Began as a Demonspawn Fighter on July 24, 2023.
             Was an Initiate of Gozag.
             Slain by an adder (3 damage)
             ... on level 2 of the Dungeon.
             The game lasted 00:02:40 (690 turns).

javelincjr the Trooper (Demonspawn Fighter)          Turns: 690, Time: 00:02:42

Health: 0/24       AC:  7    Str: 16    XL:     2   Next: 55%
Magic:  2/2        EV:  8    Int:  9    God:    Gozag
Gold:   53         SH:  4    Dex: 12    Spells: 1/1 levels left

rFire   . . .        a - +0 war axe
rCold   . . .        c - +0 buckler
rNeg    . . .        b - +0 scale mail
rPois   .            (no helmet)
rElec   .            (no cloak)
rCorr   .            (no gloves)
SInv    .            (no boots)
Will    .....        (no amulet) Stlth
                     (no ring)
HPRegen 0.24/turn    (no ring)
MPRegen 0.08/turn

%: no passive effects
@: lethally poisoned (0 -> -3), gold aura
A: sharp scales 1
a: Renounce Religion, Potion Petition, Call Merchant, Bribe Branch


You were on level 2 of the Dungeon.
You worshipped Gozag.
Gozag was noncommittal.
You visited 1 branch of the dungeon, and saw 2 of its levels.

You collected 53 gold pieces.

Inventory:

Hand Weapons
 a - a +0 war axe (weapon)
Armour
 b - a +0 scale mail (worn)
 c - a +0 buckler (worn)
 h - a +0 chain mail
Scrolls
 e - a scroll of amnesia {unknown}
 f - a scroll of identify {unknown}
 g - 2 scrolls of magic mapping {unknown}
Potions
 d - a potion of might
 i - a potion of attraction {unknown}
 j - a potion of curing {unknown}


   Skills:
 + Level 3.2 Fighting
 + Level 2.1 Axes
 + Level 2.9 Armour
 + Level 2.9 Shields


You had one spell level left.
You didn't know any spells.
Your spell library was empty.

Dungeon Overview and Level Annotations

Branches:
Dungeon (2/15)

Altars:
Gozag


Innate Abilities, Weirdness & Mutations

You are partially covered in razor-sharp scales. (AC +1, Slay +1)


Message History

An adder comes into view.
The adder hisses angrily.
An endoplasm comes into view.
Found a short sword.
The endoplasm quivers.
You closely miss the adder.
The adder bites you but does no damage. x2
You barely miss the adder.
The adder bites you but does no damage. x2
You miss the adder. The adder bites you.
The adder bites you but does no damage.
You hit the adder but do no damage. You slash the endoplasm!
You kill the endoplasm!
The adder bites you.
You are poisoned.
The adder poisons you! The adder bites you.
You are more poisoned.
The adder poisons you!
You barely miss the adder.
You feel very sick. The adder bites you.
The adder bites you but does no damage.
You completely miss the adder.
You feel very sick.
The adder bites you but does no damage. x2
You miss the adder.
You feel sick. The adder bites you.
You are more poisoned.
The adder poisons you! You block the adder's attack.
You are too injured to fight recklessly!
Unknown command.
You are too injured to fight recklessly!
You hit the adder.
The adder is heavily wounded.
You feel very sick. The adder bites you.
* * * LOW HITPOINT WARNING * * *
You closely miss the adder.
The adder is heavily wounded.
* * * LOW HITPOINT WARNING * * *
You feel very sick. The adder bites you.
You die...
Your body crumbles into a pile of gold.

.############.#.# .#
#.#.#### .# #......#
.##############.##.#
.#...............#
.#.############..#
...# #..# ...# #..#
...# #.@# ##'###
#.S$...... #....#
#......... #....#
#......).. #....#
#..#+###+# #....#
#..#
#....#############
##.#..........
##+#+#......#


You could see an adder.

Vanquished Creatures
  A ball python (D:1)
  3 endoplasms
  A giant cockroach (D:1)
  A quokka (D:1)
  2 bats (D:1)
  A frilled lizard (D:1)
  4 goblins (D:1)
  3 kobolds (D:1)
  2 rats (D:1)
18 creatures vanquished.

Notes
Turn   | Place    | Note
-------+----------+-------------------------------------------
     0 | D:1      | javelincjr the Demonspawn Fighter began the quest for the
                  | Orb.
     0 | D:1      | Reached XP level 1. HP: 18/18 MP: 1/1
   231 | D:1      | Gained mutation: You are partially covered in razor-sharp
                  | scales. (AC +1, Slay +1) [demonic ancestry]
   231 | D:1      | Reached XP level 2. HP: 19/24 MP: 2/2
   475 | D:1      | Found a faded altar of an unknown god.
   485 | D:1      | Prayed at the altar of an unknown god.
   485 | D:1      | Became a worshipper of Gozag Ym Sagoz the Greedy
   690 | D:2      | Slain by an adder

Illustrated notes

Levels and vault maps discovered:
D:1:      psy_arrival_fountain, layout_loops_ring,
          hellmonk_ecumenical_altar_arch_garden, minmay_splitting_lines
D:2:      layout_basic, uniq_natasha

Skill      XL: |  1 |
---------------+----+-----
Axes           | 2 |  2.1
Fighting       | |  3.2
Armour         | |  2.9
Shields        | |  2.9

Action                     || total
---------------------------++-------
  Melee: War axe           ||    35
 Armour: Scale mail        ||    18
  Dodge: Dodged            ||     4
  Block: Buckler           ||     5
